 Dungeon Crawl Stone Soup version 0.29-a0-923-g6e406bff71 (webtiles) character file.

Game seed: 8005279556229307057

7665 CannotBeFrozen the Carver (level 11, 0/80 HPs)
             Began as a Human Gladiator on July 26, 2022.
             Was a Believer of Okawaru.
             Slain by a wraith (10 damage)
             ... on level 10 of the Dungeon on July 28, 2022.
             The game lasted 00:54:28 (16630 turns).

CannotBeFrozen the Carver (Human Gladiator)        Turns: 16630, Time: 00:54:29

Health: 0/80       AC:  9    Str: 18    XL:     11   Next: 41%
Magic:  14/14      EV: 13    Int: 10    God:    Okawaru [**....]
Gold:   422        SH:  5    Dex: 14    Spells: 10/10 levels left

rFire   . . .      SeeInvis .   a - +0 long sword
rCold   . . .      Faith    .   (no shield)
rNeg    + . .      Spirit   .   x - +3 leather armour
rPois   +          Reflect  +   c - +0 helmet
rElec   +          Harm     .   (no cloak)
rCorr   .          Rampage  .   O - +0 pair of gloves
Will    ++...                   (no boots)
Stlth   +.........              K - amulet of reflection
HPRegen 0.23/turn               s - ring of willpower
MPRegen 0.14/turn               R - ring of Knowledge {rElec rPois rN+ Will+}

@: hasted and slowed
A: no striking features
a: Renounce Religion, Heroism


You were on level 10 of the Dungeon.
You worshipped Okawaru.
Okawaru was pleased with you.
You visited 2 branches of the dungeon, and saw 11 of its levels.
You also visited: Sewer, Ossuary and Bailey.

You collected 903 gold pieces.
You spent 481 gold pieces at shops.

Inventory:

Hand Weapons
 a - a +0 long sword (weapon)
 b - a +0 dagger of venom
 M - a +3 arbalest of flaming
Missiles
 d - 4 throwing nets {=f=F}
 e - 7 javelins
 l - 16 boomerangs
 q - a boomerang of dispersal {=f=F}
 H - 3 datura-tipped darts {=f=F}
 J - 40 poisoned darts (quivered)
 L - 4 curare-tipped darts {=f=F}
 Q - an atropa-tipped dart {=f=F}
Armour
 c - a +0 helmet (worn)
 x - a +3 leather armour (worn)
 O - a +0 pair of gloves (worn)
Jewellery
 s - a ring of willpower (left hand)
 w - a ring of protection from cold
 C - an amulet of the acrobat
 K - an amulet of reflection (around neck)
 R - the ring of Knowledge (right hand) {rElec rPois rN+ Will+}
   (You bought it in a shop on level 4 of the Dungeon)

   [ring of poison resistance]

   rElec:     It insulates you from electricity.
   rPois:     It protects you from poison.
   rN:        It protects you from negative energy.
   Will:      It increases your willpower.
Wands
 h - a wand of flame (24)
 n - a wand of iceblast (15)
 D - a wand of light (8)
Scrolls
 g - a scroll of immolation
 i - 4 scrolls of teleportation {@r2}
 m - 3 scrolls of poison
 v - 2 scrolls of magic mapping
 y - 5 scrolls of enchant weapon
 B - a scroll of identify {@r1}
 E - a scroll of fog
 F - 2 scrolls of silence
Potions
 f - a potion of mutation
 j - a potion of resistance
 k - 3 potions of attraction
 o - 3 potions of lignification
 p - 3 potions of invisibility
 r - 4 potions of haste
 t - a potion of heal wounds {@q2}
 u - a potion of magic
 z - 6 potions of brilliance
 A - 8 potions of curing {@q1}
 G - 3 potions of flight
 I - a potion of ambrosia
 N - a potion of might


   Skills:
 + Level 5.3 Fighting
 - Level 14.0 Long Blades
 + Level 4.6 Throwing
 + Level 4.4 Armour
 - Level 3.5 Dodging
 + Level 4.5 Invocations
 - Level 2.8 Evocations


You had 10 spell levels left.
You didn't know any spells.
Your spell library contained the following spells:

 Spells                   Type           Power      Damage    Failure   Level
 Apportation              Tloc           0%         N/A       41%         1
 Necrotise                Necr           0%         1d4       41%         1
 Airstrike                Air            0%         0-1+      99%         4
 Agony                    Necr           0%         N/A       100%        5
 Lightning Bolt           Conj/Air       0%         1d11      100%        5
 Necromutation            Tmut/Necr      0%         N/A       100%        8
 Summon Small Mammal      Summ           Unusable   N/A       N/A         1
 Call Canine Familiar     Summ           Unusable   N/A       N/A         3
 Summon Guardian Golem    Hex/Summ       Unusable   N/A       N/A         3
 Summon Lightning Spire   Summ/Air       Unusable   N/A       N/A         4
 Death Channel            Necr           Unusable   N/A       N/A         6

Dungeon Overview and Level Annotations

Branches:
Dungeon (10/15)            Temple (1/1) D:7            Lair (0/5) D:9
  Sewer (visited)         Ossuary (visited)          Bailey (visited)
    Orc: D:9-12

Altars:
Ashenzari
Cheibriados
Dithmenos
Elyvilon
Fedhas
Gozag
Hepliaklqana
Kikubaaqudgha
Makhleb
Nemelex Xobeh
Okawaru
Qazlal
Ru
Sif Muna
Trog
Uskayaw
Vehumet
Wu Jian
Xom
Yredelemnul
Zin
The Shining One

Shops:
D:3 (   D:4 *   D:6 [


Message History

The wraith is moderately damaged.
The wraith hits you.
* * * LOW HITPOINT WARNING * * *
The wraith drains your vigour!
You feel yourself slow down.
HP: 21/80 (-5) ===--------- You barely miss the wraith.
The wraith is lightly damaged.
The wraith closely misses you.
You hit the wraith but do no damage.
The wraith is lightly damaged.
The wraith barely misses you.
You feel yourself speed up. The wraith closely misses you.
You barely miss the wraith.
The wraith is lightly damaged.
The wraith hits you but does no damage.
You barely miss the wraith.
The wraith is lightly damaged.
The wraith hits you.
* * * LOW HITPOINT WARNING * * *
HP: 19/80 (-3) ==---------- You hit the wraith but do no damage.
The wraith is lightly damaged.
You barely miss the wraith.
The wraith is lightly damaged.
The wraith hits you.
* * * LOW HITPOINT WARNING * * *
The wraith drains your vigour!
You feel as though you will be slow longer.
HP: 15/80 (-4) ==---------- You hit the wraith.
The wraith is moderately damaged.
The wraith hits you.
* * * LOW HITPOINT WARNING * * *
HP: 10/80 (-5) =----------- You hit the wraith but do no damage.
The wraith is moderately damaged.
You hit the wraith.
The wraith is moderately damaged.
The wraith hits you!
You die...

#...# #.....W........#
#...+ #...........[..#
....# #..............#
....#.####...........#
.)#.#.#..............#
......#.##...####....#
.<#.### #....# #....#
.##.###.#...## #W...#
........#...# #@...#
..#.#######.# ######
..#........>#
......#.#.###
#.###.#.#.# #.#
#.#.#.# ..# #.#.#.#
#####.#.#.#
#.....#.#.#


You could see a wraith.

Vanquished Creatures
  A two-headed ogre (D:9)
  Grinder (D:4)
  A yak (D:5)
  A wyvern (D:9)
  A steam dragon (D:8)
  3 basilisks (D:8)
  Grum (D:9)
  3 vampire mosquitoes
  An acid dragon (D:9)
  Edmund (D:4)
  Duvessa (D:7)
  A water moccasin (D:8)
  A black bear (D:4)
  6 orc warriors
  A sky beast (D:8)
  3 ice beasts
  2 ogres
  2 centaurs
  3 wolves (D:8)
  3 phantoms
  9 kobold brigands
  A necrophage (D:5)
  2 bullfrogs
  15 scorpions
  Dowan (D:7)
  An electric eel (D:10)
  2 howler monkeys (D:9)
  A hound (D:6)
  A gnoll bouda (D:8)
  8 orc priests
  3 human zombies (Ossuary)
  A centaur zombie (Ossuary)
  3 jellies
  3 iguanas
  7 orc wizards
  6 scorpion zombies (Ossuary)
  3 mummies (Ossuary)
  10 gnolls
  8 adders
  6 river rats
  A shadow imp (D:5)
  A white imp (D:5)
  An ufetubus (D:4)
  3 worms
  A dart slug (D:3)
  28 orcs
  10 endoplasms
  3 giant cockroaches
  A gnoll zombie (Ossuary)
  8 hobgoblins
  3 jackals (D:2)
  2 quokkas
  7 ball pythons
  5 frilled lizards
  8 goblins
  3 hobgoblin zombies (Ossuary)
  29 kobolds
  3 kobold zombies (Ossuary)
  An orc zombie (Ossuary)
  25 rats
271 creatures vanquished.

Vanquished Creatures (collateral kills)
  2 orc warriors (Bailey)
2 creatures vanquished.

Vanquished Creatures (others)
  A kobold (Sewer)
  2 plants (D:5)
3 creatures vanquished.

Grand Total: 276 creatures vanquished

Notes
Turn   | Place    | Note
-------+----------+-------------------------------------------
     0 | D:1      | CannotBeFrozen the Human Gladiator began the quest for the
                  | Orb.
     0 | D:1      | Reached XP level 1. HP: 16/16 MP: 1/1
  1100 | D:2      | Reached XP level 2. HP: 22/22 MP: 2/2
  1396 | D:2      | Reached XP level 3. HP: 17/28 MP: 3/3
  2297 | D:2      | Upgraded the game from 0.29-a0-914-g906f1d757c to
                  | 0.29-a0-920-g5d2155ec51
  2508 | D:3      | Found Roipine's Weapon Emporium.
  2542 | D:3      | Reached XP level 4. HP: 34/34 MP: 4/4
  2659 | D:3      | Got Ufohuc's Catalogue of Unhallowed Deeds
  2905 | D:3      | Reached skill level 4 in Long Blades
  3020 | D:3      | Found a sacrificial altar of Ru.
  3405 | D:3      | Reached XP level 5. HP: 34/39 MP: 5/5
  3940 | D:4      | Noticed a phantom
  3952 | D:4      | Found a sand-covered staircase.
  3961 | Ossuary  | Entered an ossuary
  4205 | Ossuary  | Reached skill level 5 in Long Blades
  4238 | Ossuary  | Reached XP level 6. HP: 33/46 MP: 6/6
  4346 | Ossuary  | Reached skill level 6 in Long Blades
  4425 | Ossuary  | Reached XP level 7. HP: 27/51 MP: 7/7
  4428 | Ossuary  | Reached skill level 7 in Long Blades
  4847 | Ossuary  | Reached skill level 8 in Long Blades
  4996 | Ossuary  | Reached XP level 8. HP: 57/57 MP: 8/8
  5074 | Ossuary  | Reached skill level 9 in Long Blades
  5641 | D:4      | Noticed Edmund
  5806 | D:4      | Killed Edmund
  5925 | D:4      | Reached skill level 10 in Long Blades
  6009 | D:4      | Noticed Grinder
  6022 | D:4      | Killed Grinder
  6023 | D:4      | Reached XP level 9. HP: 62/62 MP: 9/9
  6198 | D:4      | Found Riuhuc's Serpentskin Sales.
  6256 | D:4      | Reached skill level 11 in Long Blades
  6441 | D:5      | Entered Level 5 of the Dungeon
  6729 | D:5      | Found a glowing drain.
  6738 | Sewer    | Entered a sewer
  7082 | Sewer    | Identified the +2 halberd "Ecevaedgh" {speed, Stlth+}
  7339 | D:5      | Upgraded the game from 0.29-a0-920-g5d2155ec51 to
                  | 0.29-a0-923-g6e406bff71
  7826 | D:5      | Reached skill level 12 in Long Blades
  8368 | D:5      | Reached XP level 10. HP: 68/68 MP: 10/10
  8779 | D:5      | Reached skill level 13 in Long Blades
  9226 | D:6      | Found Sarasvati's Dragon-Slaying Spoils.
 10746 | D:7      | Noticed Dowan
 10746 | D:7      | Noticed Duvessa
 10761 | D:7      | Killed Duvessa
 10762 | D:7      | Reached skill level 14 in Long Blades
 10763 | D:7      | Killed Dowan
 10990 | D:7      | Found a staircase to the Ecumenical Temple.
 10999 | Temple   | Entered the Ecumenical Temple
 11014 | Temple   | Became a worshipper of Warmaster Okawaru
 11471 | D:7      | Reached skill level 1 in Armour
 11923 | D:8      | Reached skill level 1 in Invocations
 12035 | D:8      | Reached skill level 1 in Evocations
 12093 | D:8      | Found an ornate altar of the Wu Jian Council.
 12124 | D:8      | Noticed a six-headed hydra
 12134 | D:8      | Found a flagged portal.
 12170 | Bailey   | Entered a bailey
 12297 | Bailey   | Reached * piety under Okawaru
 13064 | Bailey   | Found a bloodstained altar of Trog.
 13724 | D:4      | Bought the ring of Knowledge {rElec rPois rN+ Will+} for
                  | 481 gold pieces
 13810 | D:8      | Found a white marble altar of Elyvilon.
 14024 | D:8      | Reached XP level 11. HP: 9/77 MP: 13/13
 14418 | D:8      | Reached ** piety under Okawaru
 14788 | D:9      | Noticed Grum
 15306 | D:9      | Killed Grum
 15665 | D:9      | Found a staircase to the Lair.
 15676 | D:9      | Noticed a two-headed ogre
 15705 | D:9      | Killed a two-headed ogre
 15706 | D:9      | Reached skill level 5 in Fighting
 15913 | D:9      | Found a burning altar of Makhleb.
 15913 | D:9      | Found a shimmering altar of Xom.
 15921 | D:9      | Found a stormy altar of Qazlal.
 15997 | D:9      | Found a snail-covered altar of Cheibriados.
 15998 | D:9      | Found a radiant altar of Vehumet.
 16504 | D:10     | Entered Level 10 of the Dungeon
 16630 | D:10     | Slain by a wraith

Illustrated notes

Levels and vault maps discovered:
D:1:      heliophobic_arrival_glass_houses, layout_basic
D:2:      wander_river, layout_basic
D:3:      layout_basic, nicolae_overflow_crystal_walls, serial_shops, shop,
          chequers_garden, minmay_cupped
D:4:      layout_basic, enter_ossuary_3, st_stairs_11, guppyfry_shop_venom,
          uniq_edmund, uniq_grinder
D:5:      minmay_thinvault, layout_basic, cheibrodos_sewer_entry_sluice,
          serial_bayou, serial_bayou_ford_a, serial_bayou_shore_a,
          serial_bayou_pond_c, serial_bayou_lake_a, serial_bayou_crossing
D:6:      layout_cave_pools, chequers_serial_rivers_micro_a, minmay_hedge_maze,
          minmay_misc_feat_room, nicolae_shop_dragon_depot
D:7:      layout_loops_cross, minmay_temple_entry_large_hall, uniq_duvessa
D:8:      minmay_diamond_stairs, layout_loops_ring,
          lemuel_coloured_pillars_altar, mainiacjoe_overflow_tiny_flanked,
          enter_bailey_3, kennysheep_another_room,
          nicolae_concentric_dashed_squares_wild, dilly_guarded_unrand_morg,
          uniq_prince_ribbit1
D:9:      layout_cave_pools, grunt_temple_overflow_open, lair_entry_dummy,
          uniq_grum
D:10:     layout_basic
Temple:   nicolae_temple_bog_church

Skill      XL: |  1  2  3  4  5  6  7  8  9 10 11 |
---------------+----------------------------------+-----
Long Blades    | 4 5 6 8 10 12 14 | 14.0
Armour         | 3 4 |  4.4
Fighting       | 4 5 |  5.3
Invocations    | 2 4 |  4.5
Evocations     | 2 |  2.8
Throwing       | 3 4 |  4.6
Dodging        | |  3.5

Action                   |  1- 3 |  4- 6 |  7- 9 | 10-12 || total
-------------------------+-------+-------+-------+-------++-------
Melee: Dagger            |    50 |       |     3 |       ||    53
       Long sword        |    37 |   110 |   456 |   446 ||  1049
       Punch             |       |     1 |     3 |     5 ||     9
Throw: Stone             |     2 |    17 |     6 |       ||    25
       Dart              |     3 |    16 |    55 |   184 ||   258
       Javelin           |       |     2 |     2 |       ||     4
       Boomerang         |       |       |       |     1 ||     1
Invok: Heroism           |       |       |       |     3 ||     3
Evoke: Wand              |       |       |       |    15 ||    15
  Use: Scroll            |       |       |    13 |    13 ||    26
       Potion            |       |       |     3 |     6 ||     9
 Stab: Invisible         |       |       |       |     1 ||     1
       Paralysed         |       |       |       |    12 ||    12
Armor: Ring mail         |    15 |     1 |       |       ||    16
       Leather armour    |     2 |    33 |    91 |   108 ||   234
       Skin              |       |       |    61 |       ||    61
Dodge: Dodged            |    35 |    92 |   200 |   243 ||   570
Block: Other             |       |       |    45 |    93 ||   138
       Reflection        |       |       |     1 |     3 ||     4

Table legend: (Time is in decaauts)
 A = Elapsed time spent in this place.
 B = Non-inter-level travel time spent in this place.
 C = Inter-level travel time spent in this place.
 D = Time resting spent in this place.
 E = Time spent auto-exploring this place.
 F = Levels seen in this place.
 G = Mean time per level.
                   A        B        C        D        E       F      G
               +--------+--------+--------+--------+--------+-----+--------+
         Total |  16553 |  15881 |    672 |   6358 |   4544 |  14 | 1182.4 |
       Dungeon |  13175 |  12522 |    653 |   4654 |   4365 |  10 | 1317.5 |
        Temple |    198 |    179 |     19 |      0 |    144 |   1 |  198.0 |
         Sewer |    563 |    563 |      0 |     92 |     34 |   1 |  563.0 |
       Ossuary |   1500 |   1500 |      0 |    906 |      0 |   1 | 1500.0 |
        Bailey |   1115 |   1115 |      0 |    706 |      0 |   1 | 1115.0 |
               +--------+--------+--------+--------+--------+-----+--------+

Top non-repeatable levels by time:
     D:5: 2018 daAuts
     D:8: 1856 daAuts
     D:6: 1621 daAuts
     D:3: 1599 daAuts
 Ossuary: 1500 daAuts
     D:7: 1428 daAuts
     D:2: 1161 daAuts
     D:1: 1145 daAuts
     D:9: 1142 daAuts
  Bailey: 1115 daAuts
     D:4: 1079 daAuts
   Sewer: 563 daAuts
  Temple: 198 daAuts
    D:10: 121 daAuts
